cohdb
Replays
Latest Replays
All Replays
Popular Replays
Top Player Replays
Match Explorer
How It Works
Community
CoH3 Stats
Reddit
Sign in to upload your games and track your stats! →
Sign in with Steam
Match 42863748
Unlisted
Match 42863748
Overview
Messages
Build Orders
End
Pioneer Squad
Construct Infanterie Kompanie
Grenadier Squad
Grenadier Squad
MG 42 Machine Gun Team
Construct Luftwaffe Kompanie
Jäger Squad
221 Scout Car
Support Elements
Medical Bunker
Wirbelwind Flakpanzer
Flak 30 Anti-aircraft Gun Team
Luftwaffe Officer Quarters
Wirbelwind Flakpanzer
Wirbelwind Flakpanzer
Pioneer Squad
Side Skirts
Marder III M Tank Destroyer
Bananenratte
Nico-Nico-Nii~~
Steyrc
Barry Chuckle
0
0
Comments
sign in to comment!
No comments posted yet!